← All builds
Suicide front / Armada / Factory first / OBSERVED BUILD

Standard suicide front

Bot Lab first into Rocketeer/Centurion/Pawn to contest the middle early and hold until T2 arrives, the role's baseline play.

Usually lab first (62%)

#rush · 1185 distinct matches · 125 players · 71% of Armada Suicide front games · team won 60% of 1411 · Recently observed

HOW TO PLAY IT

Key timing: Bot Lab by 0:20

  1. Open with mex and wind, drop Bot Lab immediately.
  2. Push out first "Centurion" as Pond's boost lands.
  3. Send "Rocketeer", "Centurion", "Pawn" mix to contest middle.
  4. Add Dragon's Teeth and Sentries to hold the line.
  5. Get Advanced Metal Extractor up as T2 nears.

Phase by phase

TYPICAL OF ITS 1185 GAMES
  1. 1
  2. 2
  3. 3
PLAY THE OPENING

Follow the example game's first 6:00 step by step: what to build now, what comes next, and where it goes. At 1× it keeps pace with your own game.

  1. 1

    Bot Lab first

    Order
    1. Bot LabBot Lab done ~0:20, middle half 0:20–0:33

    Some games also: mex (37%)

  2. 2

    Bot Lab to 5:00

    Economy
    • Metal Extractor5Mex
    • Wind Turbine4Wind
    Builders
    • Construction Bot3 Con bot
    • Lazarus2 Lazarus
    Army
    • Sentry4 Sentry
    • Rocketeer18 Rocketeer
    • Tick2 Tick
    • Centurion1 Centurion
    Other
    • Radar Tower1 Radar Tower

    Some games also: con turret (35%) · pawn (31%)

    By 5:00 in all: 5 mex · 5 wind

    The example game in this phase · 30 steps
    1. Wind
    2. LazarusLazarus
    3. TickTick
    4. Wind
    5. PawnPawn ×2
    6. LazarusLazarus
    7. PawnPawn ×2
    8. LazarusLazarus
    9. PawnPawn ×2
    10. Construction BotCon botfor Pond
    11. Construction BotCon bot
    12. CenturionCenturion
    13. Mexfor Pond
    14. Mex
    15. RocketeerRocketeer ×4
    16. Mex
    17. RocketeerRocketeer
    18. Radar TowerRadar Towerfor Pond
    19. Construction BotCon bot
    20. PawnPawn ×2
    21. Construction BotCon bot
    22. CenturionCenturion
    23. Mexfor Pond
    24. RocketeerRocketeer ×3
    25. SentrySentry
    26. RocketeerRocketeer
    27. Con turret
    28. SentrySentry
    29. RocketeerRocketeer
    30. Wind
  3. 3

    5:00 to 10:00

    Economy
    • Metal Extractor1Mex
    • Wind Turbine17Wind
    Builders
    • Construction Turret2 Con turret
    • Lazarus2 Lazarus
    • Construction Bot1 Con bot
    Army
    • Sentry1 Sentry
    • Rocketeer8 Rocketeer
    • Pawn1 Pawn

    Some games also: tick (48%) · Radar Tower (47%) · energy storage (46%) · centurion (45%) · Beamer (38%)

    By 10:00 in all: 6 mex · 23 wind · 1 energy storage · 3 con turret

    The example game in this phase · 108 steps
    1. Wind
    2. RocketeerRocketeer
    3. BeamerBeamer
    4. Con turret
    5. Bot LabBot Labdone 5:28
    6. Construction BotCon bot ×3
    7. Dragon's TeethDragon's Teeth ×8
    8. RocketeerRocketeer
    9. Dragon's TeethDragon's Teeth
    10. RocketeerRocketeer
    11. Dragon's TeethDragon's Teeth ×3
    12. RocketeerRocketeer
    13. Dragon's TeethDragon's Teeth ×4
    14. BeamerBeamer
    15. RocketeerRocketeer
    16. BeamerBeamerfor Pond
    17. RocketeerRocketeer
    18. Dragon's TeethDragon's Teeth ×6
    19. RocketeerRocketeer
    20. Dragon's TeethDragon's Teeth
    21. RocketeerRocketeer
    22. GauntletGauntletdone 8:28
    23. RocketeerRocketeer
    24. Dragon's TeethDragon's Teeth ×4
    25. RocketeerRocketeer
    26. Dragon's TeethDragon's Teeth ×2
    27. RocketeerRocketeer
    28. Dragon's TeethDragon's Teeth
    29. RocketeerRocketeer
    30. Dragon's TeethDragon's Teeth
    31. PawnPawnfor Pond
    32. Dragon's TeethDragon's Teeth ×5
    33. PawnPawnfor Pond
    34. PawnPawn
    35. Construction BotCon bot ×3for Pond
    36. CrocodileCrocodile
    37. Construction ShipCon ship
    38. Con turret
    39. Wind
    40. Construction ShipCon ship
    41. SweeperSweeper
    42. Advanced Metal ExtractorT2 mexdone 10:12 · typical 9:37
    43. Naval Metal Storage
    44. Advanced Metal ExtractorT2 mex
    45. Construction ShipCon ship
    46. Con turret
    47. Advanced Metal ExtractorT2 mex
    48. Con turret
    49. Converter
    50. Advanced Construction SubAdvanced Construction Sub
    51. Converter
    52. Advanced Metal ExtractorT2 mex
    53. Converter ×2
    54. BermudaRadar jammer ship
    55. Converter
    56. Naval Advanced Metal ExtractorNaval Advanced Metal Extractordone 12:00
    57. DreadnoughtBattleshipdone 12:58
    58. Converter
    59. Aircraft PlantAircraft Plantdone 12:09
    60. Converter ×2
    61. Advanced Metal ExtractorT2 mex
    62. Naval Advanced Metal ExtractorNaval Advanced Metal Extractor
    63. Converter
    64. StorkLight transport
    65. Advanced Metal ExtractorT2 mex
    66. Converter ×3
    67. StorkLight transport ×4
    68. Naval Advanced Metal ExtractorNaval Advanced Metal Extractor
    69. Advanced Geothermal PowerplantAdvanced Geothermal Powerplantnot finished by 15:00
    70. StorkLight transport
    71. Dragon's TeethDragon's Teeth
    72. Naval Construction Turret
    73. Dragon's TeethDragon's Teeth ×2
    74. Naval Construction Turret
    75. Dragon's TeethDragon's Teeth ×2
    76. Naval Construction Turret
    77. Dragon's TeethDragon's Teeth
    78. PaladinCruiserdone 14:26
    79. Dragon's TeethDragon's Teeth ×3
    80. Advanced Metal ExtractorT2 mex
    81. Dragon's TeethDragon's Teeth ×2
    82. Tidal
    83. Dragon's TeethDragon's Teeth ×3
    84. Tidal
    85. Dragon's TeethDragon's Teeth
    86. ChainsawChainsaw
    87. Dragon's TeethDragon's Teeth ×2
    88. Tidal
    89. Dragon's TeethDragon's Teeth ×2
    90. Tidal
    91. Dragon's TeethDragon's Teeth
    92. ShipyardShipyarddone 14:44
    93. Dragon's TeethDragon's Teeth
    94. Tidal
    95. Dragon's TeethDragon's Teeth
    96. PaladinCruiser
    97. Dragon's TeethDragon's Teeth
    98. Tidal
    99. Dragon's TeethDragon's Teeth
    100. Tidal
    101. Dragon's TeethDragon's Teeth ×3
    102. Tidal ×2
    103. Dragon's TeethDragon's Teeth
    104. Tidal
    105. Dragon's TeethDragon's Teeth
    106. Tidal
    107. Dragon's TeethDragon's Teeth ×2
    108. Tidal ×2

Counts are medians over the build's games: half of them build more, half fewer. The example game is Immort's (56 OS, 23/09/2026); pick another.

Team trades

IN AT LEAST 30% OF ITS GAMES

You hand over

Nothing regular.

You get

  • Tidal Generator4 Tidal from Pondfirst at 0:10 · in 69% of games
  • Advanced Construction Bot1 T2 con bot from Geo or Techfirst at 7:30 · in 58% of games

How it plays out

Typical game of this build, running totals by minute

Metal produced

010k20k30k
0:005:0010:0015:00

metal

Enemy metal destroyed

05k10k
0:005:0010:0015:00

metal

Own metal lost

05k10k
0:005:0010:0015:00

metal

1411 games.

Show as table
ByMetal produced: This buildEnemy metal destroyed: This buildOwn metal lost: This build
1:0022600
2:0088900
3:002056172106
4:003161660486
5:00423614131020
6:00543023271785
7:00666131792732
8:00791040353631
9:00929848164516
10:001068854265336
11:001224158986080
12:001402465176842
13:001604270137523
14:001796976808336
15:002029783029228
WHAT THE NUMBERS SAY

Standard suicide front play wins slightly more than half its games with fast kills but also fast losses, matching the raw grind of the role.

  • + First kill lands by 2:04 in all games
  • + Metal produced reaches 19882 by 15:00
  • − Own metal lost hits 9208 by 15:00, near metal destroyed of 8172
  • − First unit lost as early as 2:08 in every game
THE EXAMPLE YOU ARE READING

Immort

56.1 OS · 23/09/2026

Open source match ↗

108 received units · includes a constructor
248 metal received · 39620 energy received

Allied construction assistance is unknown. Timings are observations, not a promise of solo reproducibility.

Typical milestones

Bot Lab0:20Middle 50%: 0:20–0:33 · n=1405
Advanced Metal Extractor9:37Middle 50%: 8:41–10:48 · n=1035

Played most by

_X_252games of this buildPlatinumBlonde166games of this buildXad109games of this buildImmort62games of this buildwatermeloans58games of this build